Map: Lerilak Crest

Players

Muckraker

  • Race: Zerg Zerg
  • League: Platinum

Javert - Winner!

  • Race: Zerg Zerg
  • League: Gold

VOD

Have the link to the VOD?

Description

Time

  • Played on: Sept. 29, 2015, 12:27 a.m.
  • Length: 8:06
Show
View Real Time Build Order
Export as new Build Order

Muckraker Zerg 

Build Orders: Pool First 

Get SALT Encoding   

  12  0:18  Spawning Pool  
  11  0:21  Drone  
  11  0:26  Drone  
  13  0:31  Drone  
  14  0:43  Overlord  
  14  1:13  Spine Crawler  
  14  1:15  Zergling x6  
  16  1:23  Spine Crawler  
  15  1:26  Zergling x2  
  16  1:38  Spine Crawler  
  16  1:39  Zergling x2  
  16  1:46  Spine Crawler  
  17  1:49  Spine Crawler, Zergling x2  
  18  2:05  Zergling x2  
  19  2:10  Zergling x2  
  21  2:28  Zergling x2  
  22  2:35  Spine Crawler  
  21  2:40  Zergling x2  
  22  2:50  Hatchery  
  21  2:59  Drone  
  22  3:08  Queen, Extractor  
  22  3:09  Extractor  
  21  3:23  Drone  
  15  3:44  Zergling x2  
  15  3:45  Zergling x4  
  16  3:56  Drone  
  16  4:02  Zergling x2  
  18  4:06  Drone  
  18  4:07  Queen  
  21  4:15  Spine Crawler  
  20  4:18  Spine Crawler, Zergling x4  
  20  4:23  Zergling x2  
  22  4:29  Zergling x2  
  23  4:44  Drone x2  
  24  4:53  Drone  
  24  4:55  Drone  
  26  5:06  Metabolic Boost  
  25  5:15  Drone  
  25  5:17  Drone  
  27  5:31  Overlord  
  27  5:45  Overlord  
  27  5:48  Lair  
  27  5:49  Drone  
  28  5:53  Drone  
  29  5:59  Drone  
  29  6:01  Drone  
  29  6:04  Drone  
  32  6:07  Drone  
  32  6:10  Drone  
  34  6:14  Drone  
  34  6:17  Drone  
  36  6:21  Drone  
  36  6:22  Drone  
  39  6:25  Drone  
  39  6:30  Drone  
  40  6:34  Drone x2  
  42  6:40  Drone  
  42  6:44  Overlord  
  43  6:49  Overlord  
  43  6:55  Roach Warren, Drone  
  43  7:08  Drone x4  
  44  7:09  Drone x3  
  44  7:10  Drone  
  51  7:25  Extractor  
  51  7:28  Zergling x2  
  51  7:29  Zergling x16  
  59  7:43  Zergling x2  
  59  7:44  Zergling x4  
Show
View Real Time Build Order
Export as new Build Order

Javert Zerg - Winner!

Build Orders: Pool First 

Get SALT Encoding   

  12  0:01  Drone  
  13  0:15  Overlord  
  13  0:18  Drone  
  14  0:33  Drone x2  
  16  0:37  Drone  
  17  0:52  Drone, Spawning Pool  
  17  0:58  Drone  
  18  1:14  Hatchery  
  18  1:18  Drone  
  18  1:31  Extractor  
  17  1:33  Drone  
  17  1:34  Drone  
  19  1:41  Queen  
  21  1:54  Roach Warren  
  20  2:07  Spine Crawler  
  20  2:08  Drone x2  
  21  2:23  Overlord  
  21  2:34  Roach  
  25  2:38  Roach  
  25  2:52  Roach  
  25  2:53  Roach  
  25  2:55  Overlord  
  29  3:09  Baneling Nest  
  28  3:21  Roach x2  
  28  3:52  Roach  
  28  3:53  Roach x2  
  32  3:55  Queen  
  32  3:59  Drone x2  
  36  4:07  Hatchery  
  36  4:08  Overlord  
  35  4:16  Zergling x2  
  36  4:38  Baneling x2  
  36  4:45  Drone x4  
  38  4:46  Drone  
  41  4:57  Overlord  
  41  4:58  Extractor  
  40  5:01  Evolution Chamber  
  40  5:02  Roach  
  41  5:09  Drone x2  
  41  5:10  Drone x2  
  41  5:11  Lair  
  45  5:21  Drone x2  
  47  5:40  Roach x4  
  55  5:44  Drone x3  
  58  5:53  Overlord  
  58  5:56  Zerg Missile Weapons Level 1  
  58  6:08  Glial Reconstitution  
  58  6:18  Roach  
  58  6:19  Roach x3  
  58  6:25  Zergling x4  
  68  6:31  Overlord x2  
  68  6:43  Overlord  
  68  6:44  Baneling x2  
  68  6:45  Baneling x2  
  68  6:52  Zergling x2  
  68  6:53  Zergling x14  
  76  7:05  Roach x4  
  76  7:06  Roach  
  86  7:14  Overlord  
  86  7:15  Spine Crawler  
  85  7:23  Overlord x2  
  85  7:34  Baneling x2  
  85  7:35  Baneling x4  
Tags
 
Add a new tag
Caveats
  • Supply blocks, unpowered buildings, or Contaminate may cause inaccurate times.
  • Supply counts are checked every 10 seconds.